 Dungeon Crawl Stone Soup version 0.32-a0-17-gb74e046682 (webtiles) character file.

Game seed: 2360754600652402775

14506 jestert79 the Severer (level 12, -7/156 HPs)
             Began as a Hill Orc Fighter on Jan 15, 2024.
             Was an Elder of Beogh.
             Succumbed to a death drake's foul vapour
             ... in a Gauntlet.
             The game lasted 00:33:11 (10961 turns).

jestert79 the Severer (Hill Orc Fighter)           Turns: 10961, Time: 00:33:12

Health: -7/156     AC: 26    Str: 24    XL:     12   Next: 17%
Magic:  0/16       EV:  2    Int:  8    God:    Beogh [****..]
Gold:   433        SH: 12    Dex: 10    Spells: 11/11 levels left

rFire   + . .        a - +2 broad axe (elec)
rCold   . . .        c - +0 buckler
rNeg    . . .        o - melded +2 scale mail of the Valley {Stlth+}
rPois   +            m - melded +1 helmet
rElec   .            (cloak currently unavailable)
rCorr   .            v - melded +0 pair of gloves
SInv    .            D - melded +0 pair of boots
Will    .....        d - brooch of Shielding {Spirit SH+8}
Stlth   +            n - ring of protection from fire
HPRegen 0.46/turn    (no ring)
MPRegen 0.15/turn

%: no teleportation, guardian spirit
@: lethally poisoned (-7 -> -41), tree-form, slowed, very slow
A: stationary, stasis, torment immunity, boosted hp
a: Renounce Religion, Smiting, Recall Orcish Followers


You were in a Gauntlet.
You worshipped Beogh.
Beogh was greatly pleased with you.
You were a tree.
You visited 2 branches of the dungeon, and saw 12 of its levels.
You also visited: Gauntlet.

You collected 824 gold pieces.
You spent 391 gold pieces at shops.

Inventory:

Hand Weapons
 a - a +2 broad axe of electrocution (weapon)
 r - a +0 war axe
 B - a +1 hand axe of flaming
Missiles
 b - 7 boomerangs (quivered)
 H - a throwing net
Armour
 c - a +0 buckler (worn)
 m - a +1 helmet (melded)
 o - the +2 scale mail of the Valley (melded) {Stlth+}
   (You found it on level 8 of the Dungeon)

   Stlth+:    It makes you more stealthy.
 v - a +0 pair of gloves (melded)
 D - a +0 pair of boots (melded)
Jewellery
 d - the brooch of Shielding (around neck) {Spirit SH+8}
   (You took it off a tengu conjurer on level 11 of the Dungeon)

   [amulet of guardian spirit]

   Spirit:    It causes incoming damage to be divided between your reserves of
   health and magic.
   SH+8:      It affects your SH (+8).
 g - a ring of protection from cold
 n - a ring of protection from fire (left branch)
 u - an amulet of regeneration
 E - an amulet of reflection
 I - a ring of poison resistance
Wands
 h - a wand of acid (1)
 i - a wand of polymorph (5)
 k - a wand of flame (43)
 w - a wand of mindburst (28)
Scrolls
 e - 2 scrolls of amnesia
 f - 6 scrolls of teleportation
 p - 2 scrolls of fog
 s - 2 scrolls of immolation
 t - a scroll of poison
 x - a scroll of vulnerability
 y - 2 scrolls of enchant weapon
 G - a scroll of blinking
Potions
 j - 2 potions of brilliance
 l - 3 potions of attraction
 A - a potion of ambrosia {unknown}
 C - 3 potions of enlightenment {unknown}


   Skills:
 + Level 9.0 Fighting
 - Level 18.5 Axes
 - Level 3.0 Throwing
 + Level 8.2 Armour
 + Level 3.5 Dodging
 - Level 3.2 Shields
 + Level 5.6 Invocations
 + Level 4.3 Evocations


You had 11 spell levels left.
You didn't know any spells.
Your spell library contained the following spells:

 Spells                   Type           Power      Damage    Failure   Level
 Necrotise                Necr           0%         1d4       45%         1
 Ensorcelled Hibernation  Hex/Ice        0%         N/A       61%         2
 Lesser Beckoning         Tloc           0%         N/A       61%         2
 Gell's Gravitas          Tloc           0%         N/A       83%         3
 Passwall                 Erth           0%         N/A       83%         3
 Stone Arrow              Conj/Erth      0%         3d7       83%         3
 Swiftness                Air            0%         N/A       83%         3
 Teleport Other           Tloc           0%         N/A       83%         3
 Tukima's Dance           Hex            0%         N/A       83%         3
 Vampiric Draining        Necr           0%         2d6       83%         3
 Animate Armour           Summ/Erth      0%         N/A       99%         4
 Dimensional Bullseye     Hex/Tloc       0%         N/A       99%         4
 Iskenderun's Mystic Bla  Conj/Tloc      0%         2d3       99%         4
 Martyr's Knell           Necr/Summ      0%         N/A       99%         4
 Vhi's Electric Charge    Tloc/Air       0%         N/A       99%         4
 Arcjolt                  Conj/Air       0%         1d10      100%        5
 Curse of Agony           Necr           0%         N/A       100%        5
 Dispersal                Tloc           0%         N/A       100%        6
 Plasma Beam              Fire/Air       0%         2x1d10    100%        6
 Sculpt Simulacrum        Ice/Alch       0%         N/A       100%        6
 Ozocubu's Refrigeration  Ice            0%         4d7       100%        7
 Lehudib's Crystal Spear  Conj/Erth      0%         10d2      100%        8
 Polar Vortex             Ice            0%         N/A       100%        9


Dungeon Overview and Level Annotations

Branches:
Dungeon (11/15)            Temple (0/1) D:4            Lair (1/5) D:11
Gauntlet (1/1)
    Orc: D:9-12

Altars:
Ashenzari
Cheibriados
Dithmenos
Elyvilon
Fedhas
Hepliaklqana
Makhleb
Okawaru
Trog
Uskayaw
Wu Jian
Xom
The Shining One

Shops:
D:3 (   D:7 ((

Annotations:
D:8 2 runed translucent doors Gauntlet 7 transporters


Message History

You feel better.
You are engulfed in dark miasma.
You are lethally poisoned!
* * * LOW HITPOINT WARNING * * *
x2 You feel extremely sick.
The death drake bites you but does no damage.
You block the centaur warrior zombie's attack.
The centaur warrior zombie closely misses you.
The death drake bites you but does no damage.
You block the centaur warrior zombie's attack.
The centaur warrior zombie misses you.
You feel much better.
You feel very sick. The death drake closely misses you.
The centaur warrior zombie hits you but does no damage.
You block the centaur warrior zombie's attack.
The death drake bites you but does no damage.
You block the centaur warrior zombie's attack.
The centaur warrior zombie kicks you but does no damage.
Unknown command.
You barely miss the death drake.
The death drake is severely wounded.
You slash the centaur warrior zombie!
Lightning courses through the centaur warrior zombie!!
You feel very sick. The death drake breathes miasma at you.
The foul vapour engulfs you!
You are lethally poisoned!
You feel as though you will be slow longer.
* * * LOW HITPOINT WARNING * * *
The centaur warrior zombie closely misses you.
You block the centaur warrior zombie's attack.
You block the death drake's attack.
Unknown command.
You turn into a tree.
Your +1 helmet melds into your body.
Your +0 pair of gloves melds into your body.
Your +0 pair of boots melds into your body.
The +2 scale mail of the Valley {Stlth+} melds into your body.
Your roots penetrate the ground.
You are engulfed in dark miasma.
* * * LOW HITPOINT WARNING * * *
You die...

.....#.8.#....#..#?#..###
...#.#...#...#..#..#..#
.##..#####..#°°#..##..#####
.##..#...#.#.°#..#.#..#≈8≈#
©.#.©#©.©##.©#..#.©#..#...##
.##..#...#°#.°#..#°#..#.8...
.##..#####..#.°#.°##..#...##
...#.#...#...#ZZ#°°#..#.8...
.....#...#....#k♣#)#..#...#.
######...###########..#...#
.......≈.§...........§#.©.#
......≈8≈§...........∩#...#
.......≈.§...........≈#.©.#
######...###########..#...#
..y..#...#...#W#WW.#..#...#
.#.#.#...#..#...#..#..#.8...
#.#.[#####W##W..##.#..#...##


You could see a death drake (catching breath), 3 shadows and 2 centaur warrior
zombies.

Vanquished Creatures
  Harold (D:11)
  5 two-headed ogres
  A death scarab (Gauntlet)
  A spectral death yak (Gauntlet)
  A cyclops (D:11)
  2 ugly things
  A black mamba (Lair:1)
  A gargoyle (D:11)
  A tengu conjurer (D:11)
  A kobold demonologist (D:11)
  A rime drake (D:11)
  2 hornets
  A raiju (Gauntlet)
  10 yaks
  2 wraiths (D:11)
  A wyvern (Lair:1)
  Grum (D:9)
  A basilisk (D:8)
  4 steam dragons
  2 sky beasts (D:6)
  2 orc warriors
  2 ice beasts
  A swamp drake (D:8)
  3 black bears
  2 ogres (D:6)
  3 wolves
  4 centaurs
  2 phantoms
  5 bullfrogs
  A kobold brigand (D:7)
  3 scorpions
  A killer bee (D:8)
  2 howler monkeys (D:9)
  A bombardier beetle (D:3)
  9 orc priests
  4 hounds
  A sleepcap (D:7)
  Jessica (D:2)
  4 iguanas
  8 orc wizards
  Natasha (thrice) (D:2)
  Robin (D:3)
  4 adders
  2 white imps (D:7)
  2 ufetubi (D:6)
  A dart slug (D:2)
  22 orcs
  4 ball pythons
  7 endoplasms
  2 giant cockroaches
  15 goblins
  12 hobgoblins
  4 jackals
  5 quokkas
  3 bats
  A frilled lizard (D:1)
  13 kobolds
  8 rats
  A spectral goblin (D:1)
209 creatures vanquished.

Vanquished Creatures (collateral kills)
  An ugly thing (D:11)
  A troll (D:11)
  A vampire (D:11)
  4 yaks (D:10)
  An ice beast (D:11)
  2 wolves (D:11)
  A centaur (D:11)
  A bullfrog (Lair:1)
  An orc wizard (D:11)
13 creatures vanquished.

Vanquished Creatures (others)
  An orc warrior (D:10)
  5 orcs (D:10)
  A quokka (D:5)
7 creatures vanquished.

Grand Total: 229 creatures vanquished

Notes
Turn   | Place    | Note
-------+----------+-------------------------------------------
     0 | D:1      | jestert79 the Hill Orc Fighter began the quest for the Orb.
     0 | D:1      | Reached XP level 1. HP: 19/19 MP: 1/1
    75 | D:1      | Reached skill level 3 in Axes
   123 | D:1      | Reached XP level 2. HP: 26/26 MP: 2/2
   224 | D:1      | Reached skill level 4 in Axes
   274 | D:1      | Found a faded altar of an unknown god.
   373 | D:1      | Reached XP level 3. HP: 28/31 MP: 3/3
   741 | D:2      | Noticed Jessica
   756 | D:2      | Killed Jessica
   757 | D:2      | Reached skill level 5 in Axes
   757 | D:2      | Reached XP level 4. HP: 39/39 MP: 4/4
  1049 | D:2      | Reached skill level 6 in Axes
  1052 | D:2      | Noticed Natasha
  1062 | D:2      | Killed Natasha
  1185 | D:2      | Reached XP level 5. HP: 41/45 MP: 5/5
  1238 | D:2      | Noticed Natasha
  1251 | D:2      | Killed Natasha
  1252 | D:2      | Reached skill level 1 in Throwing
  1457 | D:2      | Noticed Natasha
  1581 | D:2      | Killed Natasha
  1759 | D:3      | Reached skill level 7 in Axes
  1849 | D:3      | Reached XP level 6. HP: 50/51 MP: 6/6
  1855 | D:3      | Noticed Robin
  1859 | D:3      | Killed Robin
  1861 | D:3      | Became a worshipper of Beogh the Brigand
  2287 | D:3      | Found Kuvon's Weapon Shoppe.
  2438 | D:4      | Reached skill level 8 in Axes
  2510 | D:3      | Bought a +2 heavy broad axe for 230 gold pieces
  2740 | D:4      | Reached XP level 7. HP: 42/57 MP: 7/7
  2974 | D:4      | Reached * piety under Beogh
  3028 | D:4      | Found a staircase to the Ecumenical Temple.
  3182 | D:4      | Found a shadowy altar of Dithmenos.
  3185 | D:4      | Found a blossoming altar of Fedhas.
  3185 | D:4      | Found a shimmering altar of Xom.
  3198 | D:4      | Found a snail-covered altar of Cheibriados.
  3201 | D:4      | Found a bloodstained altar of Trog.
  3524 | D:5      | Entered Level 5 of the Dungeon
  3597 | D:5      | Reached skill level 9 in Axes
  4056 | D:5      | Found a white marble altar of Elyvilon.
  4453 | D:5      | Reached skill level 10 in Axes
  4460 | D:5      | Reached XP level 8. HP: 67/67 MP: 8/8
  4990 | D:6      | Reached skill level 5 in Fighting
  5012 | D:6      | Noticed Edmund
  5111 | D:6      | Reached skill level 11 in Axes
  5134 | D:6      | Reached skill level 5 in Armour
  5432 | D:6      | Edmund changed into Edmund the scorpion
  5432 | D:6      | Noticed Edmund
  5438 | D:6      | Killed Edmund the scorpion
  5439 | D:6      | Reached XP level 9. HP: 75/75 MP: 9/9
  5470 | D:7      | Found Gijuxt's Weapon Emporium.
  5473 | D:7      | Bought a +1 hand axe of flaming for 161 gold pieces
  5499 | D:7      | Found Uhuok Redgh's Antique Weapon Shoppe.
  5573 | D:7      | Noticed a +0 hand axe
  5573 | D:7      | Noticed a +0 hand axe
  5574 | D:7      | Found a hide-covered altar of Uskayaw.
  5608 | D:7      | Reached skill level 12 in Axes
  5710 | D:7      | Reached ** piety under Beogh
  6287 | D:8      | Found Liosan's Magic Scroll Emporium.
  6419 | D:8      | Identified the +1 trident "Koponk" {freeze, rElec rPois rF+
                  | rN+}
  6558 | D:8      | Reached skill level 13 in Axes
  6842 | D:8      | Found an iron altar of Okawaru.
  6843 | D:8      | Found an ornate altar of the Wu Jian Council.
  6846 | D:8      | Found a glowing golden altar of the Shining One.
  6846 | D:8      | Found a broken altar of Ashenzari.
  6848 | D:8      | Found a burning altar of Makhleb.
  6849 | D:8      | Found a hazy altar of Hepliaklqana.
  6949 | D:8      | Found a runed translucent door.
  6949 | D:8      | Noticed a tengu warrior
  6950 | D:8      | Found a runed translucent door.
  7291 | D:8      | Identified the +2 scale mail of the Valley {Stlth+}
  7454 | D:9      | Noticed a two-headed ogre
  7456 | D:9      | Noticed a brown ugly thing
  7490 | D:8      | Reached skill level 14 in Axes
  7560 | D:8      | Reached XP level 10. HP: 83/86 MP: 10/10
  7766 | D:9      | Reached skill level 15 in Axes
  7847 | D:9      | Killed a two-headed ogre
  7848 | D:9      | Reached skill level 16 in Axes
  8162 | D:9      | Killed a brown ugly thing
  8162 | D:9      | Reached *** piety under Beogh
  8211 | D:9      | Noticed Grum
  8220 | D:9      | Killed Grum
  8350 | D:10     | Entered Level 10 of the Dungeon
  8566 | D:10     | Reached skill level 17 in Axes
  8897 | D:10     | Noticed a two-headed ogre
  8910 | D:10     | Killed a two-headed ogre
  8911 | D:10     | Reached skill level 18 in Axes
  8911 | D:10     | Reached XP level 11. HP: 90/92 MP: 11/11
  9124 | D:10     | Identified the +1 ring mail of Hughi {rPois rC+}
  9326 | D:11     | Noticed a two-headed ogre
  9339 | D:11     | Reached skill level 1 in Invocations
  9339 | D:11     | Killed a two-headed ogre
  9340 | D:11     | Reached skill level 1 in Dodging
  9340 | D:11     | Reached skill level 1 in Evocations
  9340 | D:11     | HP: 3/92 [ice beast (10)]
  9568 | D:11     | Noticed a two-headed ogre
  9568 | D:11     | Noticed a two-headed ogre
  9569 | D:11     | Noticed a red ugly thing
  9579 | D:11     | Noticed a cyclops
  9587 | D:11     | Killed a two-headed ogre
  9590 | D:11     | Killed a two-headed ogre
  9590 | D:11     | Killed a red ugly thing
  9712 | D:11     | Killed a cyclops
  9947 | D:11     | Found a staircase to the Lair.
  9958 | D:11     | Noticed Harold
  9966 | D:11     | Noticed a green ugly thing
  9971 | D:11     | Killed Harold
  9975 | D:11     | Killed a green ugly thing
 10311 | Lair:1   | Entered Level 1 of the Lair of Beasts
 10322 | Lair:1   | Reached skill level 5 in Invocations
 10322 | Lair:1   | Reached XP level 12. HP: 76/103 MP: 15/15
 10323 | Lair:1   | Reached **** piety under Beogh
 10411 | Lair:1   | Found a gate leading to a gauntlet.
 10420 | Gauntlet | Entered a Gauntlet
 10420 | Gauntlet | Found a transporter.
 10420 | Gauntlet | Found a transporter.
 10420 | Gauntlet | Found a transporter.
 10424 | Gauntlet | Found a transporter.
 10424 | Gauntlet | Found a transporter.
 10426 | Gauntlet | Found a transporter.
 10436 | Gauntlet | Found a transporter.
 10438 | Gauntlet | Found a transporter.
 10452 | Gauntlet | Found a transporter.
 10548 | Gauntlet | Found a transporter.
 10552 | Gauntlet | Found a transporter.
 10567 | Gauntlet | Found a transporter.
 10643 | Gauntlet | Noticed a death scarab
 10763 | Gauntlet | Killed a death scarab
 10958 | Gauntlet | HP: 5/104 [poisoned by a death drake (dark miasma)]
 10961 | Gauntlet | Succumbed to a death drake's foul vapour

Illustrated notes

Levels and vault maps discovered:
D:1:      evilmike_arrival_plus, layout_basic,
          dreamdust_ecumenical_altar_drowned_temple, minmay_gold_behind_fungi
D:2:      layout_basic, grunt_ministairs_13, minmay_fountain_box, uniq_natasha,
          uniq_jessica
D:3:      layout_basic, serial_shops, nicolae_shop_statue_plus,
          nicolae_twisty_statue_hallways, uniq_robin
D:4:      layout_basic, minmay_overflow_temple_star_hex, temple_green,
          nicolae_houndstooth_variations
D:5:      layout_layer_cave, elyvilon_altar_4
D:6:      layout_rooms, uniq_edmund
D:7:      layout_loops_ring, dancing_weapons_uskayaw, serial_shops,
          nicolae_square_shop, nicolae_stop_n_shop_1
D:8:      minmay_the_grid_triangle_9x9_rhombus_full
          [minmay_the_grid_triangle_9x9_shrine,
          minmay_the_grid_triangle_9x9_swiss_cheese,
          minmay_the_grid_triangle_9x9_alien,
          minmay_the_grid_triangle_9x9_minimal,
          minmay_the_grid_triangle_9x9_tough_junction,
          minmay_the_grid_triangle_9x9_flanged_cone,
          minmay_the_grid_triangle_9x9_from_above,
          minmay_the_grid_triangle_9x9_prize_special], layout_loops_ring,
          grunt_temple_overflow_open, serial_shops, shop, chequers_jeans
D:9:      minmay_cornered_nines, layout_cave_pools, dk_noncrumbling_4, uniq_grum
D:10:     layout_cave_pools
D:11:     layout_long_grid, hellmonk_lair_entry_icy,
          minmay_mirror_moons_of_madness, uniq_harold
Lair:1:   layout_regular_city, gauntlet_entry_generic,
          infiniplex_staircase_pool, uniq_nergalle
Gauntlet: gammafunk_gauntlet_hard_choice [gammafunk_gauntlet_arena_split_x,
          nicolae_gauntlet_arena_t_cross, nicolae_gauntlet_arena_blocks,
          gammafunk_gauntlet_arena_grid, gammafunk_gauntlet_arena_arrow_garden,
          gammafunk_gauntlet_arena_chambers,
          nicolae_gauntlet_exit_dead_adventurers]

Skill      XL: |  1  2  3  4  5  6  7  8  9 10 11 12 |
---------------+-------------------------------------+-----
Axes           | 3 4 5 6 7 8 10 11 14 18 | 18.5
Throwing       | 1 2 3 |  3.0
Fighting       | 4 6 7 8 9 |  9.0
Armour         | 4 5 6 7 8 |  8.2
Invocations    | 5 |  5.6
Dodging        | 3 |  3.5
Evocations     | 3 4 |  4.3
Shields        | |  3.2

Action                     |  1- 3 |  4- 6 |  7- 9 | 10-12 || total
---------------------------+-------+-------+-------+-------++-------
  Melee: War axe           |    66 |   147 |   362 |    98 ||   673
         Broad axe         |       |       |       |    82 ||    82
  Throw: Boomerang         |       |     4 |    18 |     2 ||    24
 Invoke: Convert to Beogh  |       |     1 |       |       ||     1
         Recall Orcish Fol |       |       |       |     1 ||     1
  Evoke: Wand              |       |       |     7 |    11 ||    18
    Use: Scroll            |       |       |    17 |     3 ||    20
         Potion            |       |       |     2 |     8 ||    10
 Armour: Scale mail        |    22 |       |    31 |   172 ||   225
         Chain mail        |    46 |   113 |   264 |       ||   423
  Dodge: Dodged            |    31 |    37 |   114 |    90 ||   272
  Block: Buckler           |     8 |    39 |    72 |    61 ||   180

Table legend: (Time is in decaauts)
 A = Elapsed time spent in this place.
 B = Non-inter-level travel time spent in this place.
 C = Inter-level travel time spent in this place.
 D = Time resting spent in this place.
 E = Time spent auto-exploring this place.
 F = Levels seen in this place.
 G = Mean time per level.
                   A        B        C        D        E       F      G
               +--------+--------+--------+--------+--------+-----+--------+
         Total |  10994 |  10220 |    774 |   1488 |   5927 |  13 |  845.7 |
       Dungeon |  10343 |   9569 |    774 |   1309 |   5790 |  11 |  940.3 |
          Lair |    106 |    106 |      0 |     18 |      0 |   1 |  106.0 |
      Gauntlet |    544 |    544 |      0 |    161 |    137 |   1 |  544.0 |
               +--------+--------+--------+--------+--------+-----+--------+

Top non-repeatable levels by time:
     D:5: 1433 daAuts
     D:8: 1332 daAuts
     D:4: 1045 daAuts
     D:2: 1031 daAuts
    D:10: 1003 daAuts
    D:11: 952 daAuts
     D:3: 820 daAuts
     D:7: 803 daAuts
     D:1: 724 daAuts
     D:9: 715 daAuts
Gauntlet: 544 daAuts
     D:6: 481 daAuts
  Lair:1: 106 daAuts
